 Dungeon Crawl Stone Soup version 0.28-a0-691-gad6df49e81 (webtiles) character file.

Game seed: 13042968979272697757

63 timneilson the Covered (level 4, -4/28 HPs)
             Began as a Gargoyle Fighter on Oct 20, 2021.
             Slain by a gnoll (5 damage)
             ... on level 1 of the Dungeon.
             The game lasted 00:03:05 (1447 turns).

timneilson the Covered (Gargoyle Fighter)           Turns: 1447, Time: 00:03:05

Health: -4/28      AC: 12    Str: 21    XL:     4   Next: 9%
Magic:  4/4        EV:  7    Int:  8    God:
Gold:   51         SH:  8    Dex:  9    Spells: 3/3 levels left

rFire   . . .      SeeInvis .   a - +0 long sword
rCold   . . .      Faith    .   i - +0 kite shield
rNeg    + . .      Spirit   .   b - +0 scale mail
rPois   ∞          Reflect  .   (no helmet)
rElec   +          Harm     .   (no cloak)
rCorr   .          Rampage  .   (no gloves)
Will    .....                   (no boots)
Stlth   ..........              (no amulet)
HPRegen 0.09/turn               (no ring)
MPRegen 0.09/turn               (no ring)

@: brilliant
A: sickness immunity, AC +3, negative energy resistance 1, electricity
resistance, torment resistance 1, petrification resistance, iridescent scales 1
a: no special abilities


You were on level 1 of the Dungeon.
You visited 1 branch of the dungeon, and saw 2 of its levels.

You collected 51 gold pieces.

Inventory:

Hand Weapons
 a - a +0 long sword (weapon)
Armour
 b - a +0 scale mail (worn)
 i - a +0 kite shield (worn)
Scrolls
 c - a scroll of fear {unknown}
Potions
 d - a potion of might
 g - 2 potions of magic


   Skills:
 + Level 3.5 Fighting
 * Level 2.4 Long Blades
 * Level 3.9 Armour
 + Level 0.6 Dodging
 * Level 3.9 Shields


You had 3 spell levels left.
You didn't know any spells.
Your spell library was empty.

Dungeon Overview and Level Annotations

Branches:
Dungeon (2/15)

Altars:

Shops:
D:1 *


Innate Abilities, Weirdness & Mutations

You are immune to sickness and miasma.
Your stone body is resilient. (AC +3)
You are immune to poison.
You resist negative energy. (rN+)
You are resistant to electric shocks. (rElec)
You are resistant to unholy torment.
You are immune to petrification.
You are partially covered in iridescent scales. (AC +2)


Message History

You hit the gnoll.
The gnoll is lightly wounded.
The gnoll hits you with a +0 flail.
* * * LOW HITPOINT WARNING * * *
It was a potion of brilliance.
You feel clever all of a sudden. The gnoll hits you with a +0 flail.
* * * LOW HITPOINT WARNING * * *
It was a potion of mutation.
You feel extremely strange.
You feel agile.
You feel clumsy.
Iridescent scales grow over part of your body.
The gnoll hits you but does no damage.
You hit the gnoll.
The gnoll is lightly wounded.
You block the gnoll's attack. The gnoll hits you but does no damage.
You hit the gnoll.
The gnoll is heavily wounded.
The gnoll hits you but does no damage.
You barely miss the gnoll.
The gnoll is heavily wounded.
The gnoll hits you with a +0 flail.
* * * LOW HITPOINT WARNING * * *
The gnoll barely misses you.
Unknown command.
You see here a +0 ring mail.
You see here a +0 leather armour.
Things that are here:
a +0 dagger; 5 stones You see here a +0 buckler.
The gnoll hits you with a +0 flail.
* * * LOW HITPOINT WARNING * * *
There is a stone staircase leading up here.
The gnoll hits you with a +0 flail.
* * * LOW HITPOINT WARNING * * *
You climb upwards.
There is a stone staircase leading down here.
You barely miss the gnoll.
The gnoll is moderately wounded.
The gnoll hits you with a +0 flail.
You die...

#.#.........#.#....##.###.#..
#.####(######.#.##.#..#...#.#
#..........##.#.#..#.##.###.#
#.#.##.###.##.#.#.##.#^...#..
#.#.#.......#.#.#......#..#.#
#.#.#..###.##)#.########..#..
#.#.#...........#..#...#.###.
#.#.#.##.####)#.##.#....<....
#.#........g@...##...###.#...
#.#...##......#.####..#..####
#.#.............#..##.#..#...
#.##.###.#.####.##....#....#.
#..........# #.#####.###.##.
####.####.#####.#...#.#...#..
#.##.........#.#...#.###.#
#.#####..###...###########
#.# #....#......).......


You could see a gnoll.

Vanquished Creatures
  3 gnolls
  2 dart slugs
  2 endoplasms (D:1)
  3 hobgoblins (D:1)
  4 jackals (D:1)
  3 ball pythons
  A bat (D:2)
  2 frilled lizards (D:1)
  5 goblins
  4 kobolds
  A rat (D:1)
30 creatures vanquished.

Notes
Turn   | Place    | Note
-------+----------+-------------------------------------------
     0 | D:1      | timneilson the Gargoyle Fighter began the quest for the
                  | Orb.
     0 | D:1      | Reached XP level 1. HP: 14/14 MP: 1/1
   172 | D:1      | Reached XP level 2. HP: 19/19 MP: 2/2
   218 | D:1      | Found Vicset's Assorted Antiques.
   513 | D:1      | Found a faded altar of an unknown god.
   565 | D:1      | Reached XP level 3. HP: 23/23 MP: 3/3
  1379 | D:2      | Reached XP level 4. HP: 14/28 MP: 4/4
  1386 | D:2      | Gained mutation: You are agile. (Dex +2) [potion of
                  | mutation]
  1386 | D:2      | Lost mutation: You are agile. (Dex +2) [potion of mutation]
  1386 | D:2      | Gained mutation: You are partially covered in iridescent
                  | scales. (AC +2) [potion of mutation]
  1389 | D:2      | HP: 1/28 [gnoll (4)]
  1445 | D:2      | HP: 1/28 [gnoll (3)]
  1447 | D:1      | Slain by a gnoll

Illustrated notes

Levels and vault maps discovered:
D:1:      psy_arrival_radial01, layout_basic, serial_shops,
          nicolae_shop_window_shopping, chequers_ecumenical_altar_twisty
D:2:      layout_loops_ring, minmay_tetromino_o2

Skill      XL: |  1  2 |
---------------+-------+-----
Long Blades    | 2 |  2.4
Fighting       | |  3.5
Armour         | |  3.9
Dodging        | |  0.6
Shields        | |  3.9

Action                   |  1- 3 |  4- 6 || total
-------------------------+-------+-------++-------
Melee: Long sword        |   100 |     8 ||   108
  Use: Scroll            |     3 |       ||     3
       Potion            |       |     2 ||     2
Armor: Scale mail        |    48 |     3 ||    51
Dodge: Dodged            |    39 |     3 ||    42
Block: Buckler           |     9 |       ||     9
       Kite shield       |    11 |     3 ||    14

Table legend: (Time is in decaauts)
 A = Elapsed time spent in this place.
 B = Non-inter-level travel time spent in this place.
 C = Inter-level travel time spent in this place.
 D = Time resting spent in this place.
 E = Time spent auto-exploring this place.
 F = Levels seen in this place.
 G = Mean time per level.
                   A        B        C        D        E       F      G
               +--------+--------+--------+--------+--------+-----+--------+
         Total |   1492 |   1459 |     33 |      0 |   1068 |   2 |  746.0 |
       Dungeon |   1492 |   1459 |     33 |      0 |   1068 |   2 |  746.0 |
               +--------+--------+--------+--------+--------+-----+--------+

Top non-repeatable levels by time:
     D:1: 1214 daAuts
     D:2: 277 daAuts
